[Event "Late-Titled-Tuesday-Blitz-April-30-2024"]
[Site "Chess.com"]
[Date "2024.04.30"]
[Round "6"]
[White "maracayo"]
[Black "flubs"]
[Result "1-0"]
[WhiteElo "2375"]
[BlackElo "2495"]
[TimeControl "180+1"]
[EndTime "15:07:29 PDT"]
[Termination "maracayo won by resignation"]

1. e4 c6 2. Nf3 d5 3. d3 Nf6 4. Nbd2 Bg4 5. Be2 e6 6. O-O Be7 7. c3 O-O 8. Re1 Na6 9. Ne5 Bxe2 10. Qxe2 Nc5 11. exd5 cxd5 12. d4 Nce4 13. Nf1 Rc8 14. Bf4 a6 15. Rad1 b5 16. a3 Qb6 17.
f3 Nd6 18. Bg5 Rc7 19. Kh1 Rfc8 20. Ne3 a5 21. Nd3 Nc4 22. Bxf6 Bxf6 23. f4 g6 24. g4 Nd6 25. Rf1 Ne4 26. f5 exf5 27. gxf5 Re8 28. fxg6 hxg6 29. Nxd5 Qd6 30. Nxf6+ Nxf6 31. Qg2 Rce7 32.
Ne5 Kg7 33. Rg1 Nd5 34. Rdf1 b4 35. axb4 axb4 36. Rf3 bxc3 37. bxc3 Nc7 38. Rgf1 Rf8 39. Nxg6 Qxg6 40. Rg3 Re6 41. Rxg6+ Rxg6 42. Qe4 Ne6 43. d5 Ng5 44. Qe5+ Kg8 45. Rg1 f6 46. Qf4 Kg7 47.
Qc7+ Rf7 48. Qg3 Rf8 49. d6 Rh8 50. c4 Rh3 51. Qxh3 Nxh3 52. Rxg6+ Kxg6 53. d7 1-0

[Event "Late-Titled-Tuesday-Blitz-April-30-2024"]
[Site "Chess.com"]
[Date "2024.04.30"]
[Round "6"]
[White "Big_Finky"]
[Black "maurovargas01"]
[Result "1-0"]
[WhiteElo "2258"]
[BlackElo "1952"]
[TimeControl "180+1"]
[EndTime "15:07:29 PDT"]
[Termination "Big_Finky won on time"]

1. d4 Nf6 2. c4 d6 3. g3 e6 4. Bg2 c6 5. Nc3 d5 6. Nf3 Bb4 7. O-O O-O 8. Qb3 Ba5 9. Bf4 Nbd7 10. Ne5 Nh5 11. Nxd7 Qxd7 12. Bd2 Bc7 13. Rad1 Nf6 14. Bg5 Bd8 15. Bf4 Nh5 16. Bc1 f5 17. cxd5 exd5 18. e4 fxe4 19. Nxe4 Kh8 20. Nc5 Qf7 21. Nd3 Bb6 22.
Ne5 Qe8 23. Rfe1 Nf6 24. Nc4 Qd8 25. Nxb6 axb6 26. a4 Bg4 27. Rd3 Bf5 28. Rde3 Ng4 29. R3e2 Bg6 30. h3 Nf6 31. Re7 Ne4 32. Rxb7 Nxf2 33.
Rxb6 Qc8 34. Bf4 Nxh3+ 35. Bxh3 Qxh3 36. Rxc6 Be4 37. Rxe4 dxe4 38. Qe3 Rae8 39. d5 Qd7 40. Rd6 Qxa4 41. Qc3 Qd1+ 42. Kh2 Qh5+ 43. Kg2 Qe2+ 44. Kg1 Ra8 45. Rd7 Ra1+ 46. Bc1 Qe1+ 47. Qxe1 1-0

[Event "Late-Titled-Tuesday-Blitz-April-30-2024"]
[Site "Chess.com"]
[Date "2024.04.30"]
[Round "6"]
[White "ahmedkandiliii"]
[Black "jaramsdal"]
[Result "1-0"]
[WhiteElo "2616"]
[BlackElo "2395"]
[TimeControl "180+1"]
[EndTime "15:07:34 PDT"]
[Termination "ahmedkandiliii won by resignation"]

1. Nf3 Nf6 2. g3 g6 3. Bg2 Bg7 4. O-O O-O 5. c4 c6 6. d4 d5 7. Nc3 dxc4 8. Qc2 Nd5 9. e4 Nb4 10. Qa4 a5 11. a3 b5 12. Qd1 Nd3 13. d5 Bxc3 14. bxc3 cxd5 15. exd5 Bb7 16. Bh6 Bxd5 17. Bxf8 Qxf8 18. Rb1 Qe8 19. Nd4 Bxg2 20. Kxg2 b4 21. Qf3 Na6 22. axb4 axb4 23. cxb4 Naxb4 24. Ra1 Rd8 25. Ne2 Nc2 26. Rab1 e5 27. Nc3 Nd4 28. Qe3 Qc6+ 29. Qe4 Qxe4+ 30. Nxe4 f5 31. Nc3 e4 32. Rb7 Ra8 33. Rfb1 Nb3 34. Rc7 h5 35. Nd5 h4 36.
Ne3 h3+ 37. Kxh3 Nxf2+ 38. Kg2 Nd3 39. Nxc4 Ra2+ 40. Kg1 Ra1 41. Rxa1 Nxa1 42. Ne3 Nb3 43. Nd5 Nd4 44. Kg2 Ne6 45. Re7 Nd4 46. Rd7 Ne6 47. Ne3 Nd4 48. Rxd4 1-0

[Event "Late-Titled-Tuesday-Blitz-April-30-2024"]
[Site "Chess.com"]
[Date "2024.04.30"]
[Round "6"]
[White "WindWhistler11"]
[Black "carokannlover213"]
[Result "0-1"]
[WhiteElo "2556"]
[BlackElo "2775"]
[TimeControl "180+1"]
[EndTime "15:07:35 PDT"]
[Termination "carokannlover213 won by resignation"]

1. Nf3 Nf6 2. g3 d5 3. c4 e6 4. Bg2 d4 5. e3 c5 6. exd4 cxd4 7. O-O Nc6 8. d3 Bc5 9. Re1 h6 10. a3 a5 11. Bf4 O-O 12. Nbd2 a4 13. Be5 Nd7 14. Ne4 Ncxe5 15. Nxe5 Be7 16. Nd2 Nxe5 17. Rxe5 Qc7 18. Re2 Bd7 19. b4 axb3 20. Qxb3 Rfb8 21. Nf3 Ra5 22. a4 Bf6 23. Rea2 Rba8 24.
Nd2 R8a7 25. Qb4 R5a6 26. a5 Bc8 27. Nb3 Be7 28. Qe1 e5 29. h4 Bf5 30. Be4 Be6 31. Qd1 Qd7 32. Qf3 f5 33. Bd5 Bxd5 34. cxd5 Bb4 35. Re2 Bd6 36. Rc2 Ra8 37. Nd2 Rxa5 38. Rxa5 Rxa5 39. Nc4 Rc5 40. Nb6 Qc7 41. Rxc5 Bxc5 42.
Nc4 b5 43. d6 Qf7 44. Qa8+ Kh7 45. Nxe5 Qe6 46. f4 Bxd6 47. Qb7 Bxe5 48. fxe5 Qxe5 49. Qf3 b4 50. h5 Qe3+ 51. Qxe3 dxe3 52. Kf1 b3 53. Ke2 b2 0-1

[Event "Late-Titled-Tuesday-Blitz-April-30-2024"]
[Site "Chess.com"]
[Date "2024.04.30"]
[Round "6"]
[White "merinasian"]
[Black "ab-lsv"]
[Result "0-1"]
[WhiteElo "2595"]
[BlackElo "2387"]
[TimeControl "180+1"]
[EndTime "15:07:35 PDT"]
[Termination "ab-lsv won on time"]

1. d4 d5 2. Nf3 Nf6 3. e3 c5 4. c4 cxd4 5. exd4 Nc6 6. Nc3 a6 7. cxd5 Nxd5 8. Bc4 Be6 9. Qe2 Nxc3 10. bxc3 Bxc4 11.
Qxc4 e6 12. Rb1 Qd7 13. Qb3 b5 14. a4 Na5 15. Qa2 bxa4 16. O-O Bd6 17. d5 O-O 18. dxe6 fxe6 19. Nd4 Rae8 20. Rb6 Bxh2+ 21. Kxh2 Qc7+ 22. Kg1 Qxb6 23. Qxa4 e5 24. Ne2 Kh8 25. Ng3 Nc6 26. Be3 Qb5 27. Qc2 Rd8 28. Rb1 Qd3 29. Qa2 Rb8 30.
Rc1 a5 31. Qe6 Rbc8 32. Qg4 Qg6 33. Qa4 Qd6 34. Ne4 Qd5 35. Ng5 h6 36. Nf3 Rxf3 37.
gxf3 Qxf3 38. Qh4 Rf8 39. c4 Rf6 40. Kf1 a4 41. Ke1 a3 42. Ra1 Nb4 43. Rc1 Nd3+ 44.
Kd2 Nxc1 45. Kxc1 a2 46. Kb2 Qe2+ 47. Ka1 Rd6 0-1

[Event "Late-Titled-Tuesday-Blitz-April-30-2024"]
[Site "Chess.com"]
[Date "2024.04.30"]
[Round "6"]
[White "burritus"]
[Black "BabageldiAnnaberdiyev"]
[Result "1-0"]
[WhiteElo "2436"]
[BlackElo "2592"]
[TimeControl "180+1"]
[EndTime "15:07:35 PDT"]
[Termination "burritus won on time"]

1. c4 e6 2. Nf3 d5 3. g3 f5 4. Bg2 Nf6 5. O-O c6 6. d3 Bc5 7.
Nbd2 O-O 8. Rb1 a5 9. Qc2 Na6 10. a3 Qe7 11. e4 fxe4 12. dxe4 d4 13. Ne1 e5 14. Nd3 Bd6 15. c5 Bxc5 16. Nc4 Bd6 17. f4 Ng4 18. h3 Ne3 19. Nxe3 dxe3 20. Bxe3 exf4 21. gxf4 Be6 22. Rbe1 a4 23. e5 Bc7 24. Nc5 Bf5 25. Qc4+ Kh8 26. Nxb7 Ba5 27. Nxa5 Qh4 28. Bf2 Qh5 29. Nxc6 Nc7 30. Ne7 Bxh3 31. Qxc7 Bxg2 32. Kxg2 Rab8 33. Qc3 Rxf4 34. Bg3 Rg4 35. Rf5 Qh4 36.
Re3 Qxe7 37. e6 h6 38. Rf7 Qg5 39. e7 Kh7 40. Qc2+ Kg8 41. Ref3 Rxg3+ 42. Rxg3 Qd5+ 43. Rff3 Re8 44. Qxa4 Rxe7 45. Qb3 Re2+ 46. Kf1 1-0

[Event "Late-Titled-Tuesday-Blitz-April-30-2024"]
[Site "Chess.com"]
[Date "2024.04.30"]
[Round "6"]
[White "Shankland"]
[Black "Jospem"]
[Result "1/2-1/2"]
[WhiteElo "2959"]
[BlackElo "3122"]
[TimeControl "180+1"]
[EndTime "15:07:39 PDT"]
[Termination "Game drawn - insufficient material"]

1. d4 Nf6 2. c4 d6 3. Nf3 Nbd7 4. Nc3 e5 5. e4 Be7 6. Be2 O-O 7. O-O Re8 8. Qc2 Bf8 9. Rd1 c6 10. b4 Qc7 11. h3 a6 12. Be3 a5 13. a3 exd4 14. Nxd4 Ne5 15. b5 Ned7 16. bxc6 bxc6 17. Bf4 Nc5 18.
Bf3 Nfd7 19. Na4 Ne5 20. Nxc5 dxc5 21. Bxe5 Rxe5 22. Nf5 g6 23. Ne3 h5 24. Rd3 Re8 25. Rad1 Be6 26. e5 Rac8 27. Qc3 a4 28. g4 h4 29. g5 Qe7 30. Qd2 Qxg5+ 31. Ng4 Be7 32.
Qxg5 Bxg5 33. Nf6+ Bxf6 34. exf6 Bxc4 35. Rc3 Bd5 36. Bxd5 cxd5 37. Rxd5 Rc6 38. Rdxc5 Rxf6 39. Rc8 Rxc8 40. Rxc8+ Kg7 41. Rc4 Rf3 42. Rxa4 Rxh3 43. Kg2 Rb3 44. Rxh4 Rxa3 45. Rb4 Ra7 46. Rb6 Ra5 47.
Rc6 Rg5+ 48. Kf3 Rd5 49. Kg3 Rd8 50. Rb6 Rh8 51. Rc6 Rh5 52. Rb6 Rc5 53. Ra6 Rc1 54. Rb6 Rg1+ 55. Kf3 Ra1 56. Kg3 Ra4 57. Kf3 g5 58.
Kg3 Ra3+ 59. f3 f6 60. Rc6 Kg6 61. Rb6 Rc3 62. Ra6 Rc1 63. Rb6 Ra1 64. Rc6 Rg1+ 65. Kf2 Rb1 66. Kg3 Rb4 67. Rd6 Rb5 68. Ra6 Re5 69.
Rb6 Kf5 70. Ra6 Rd5 71. Rb6 Ke5 72. Ra6 f5 73. Rg6 g4 74. fxg4 Rd3+ 75. Kf2 f4 76.
Ra6 Rd4 77. Kf3 Rd3+ 78. Kf2 Rg3 79. Ra5+ Ke6 80. Rb5 Rxg4 81. Kf3 Rh4 82. Ra5 Kd6 83. Rb5 Kc6 84. Rf5 Rh3+ 85. Kxf4 Ra3 86. Ke4 Ra4+ 87.
Kd3 Ra8 88. Rf6+ Kd5 89. Rf5+ Ke6 90. Rb5 Ra3+ 91. Kc4 Ra8 92. Kb4 Kd7 93. Ra5 Rxa5 94. Kxa5 1/2-1/2

[Event "Late-Titled-Tuesday-Blitz-April-30-2024"]
[Site "Chess.com"]
[Date "2024.04.30"]
[Round "6"]
[White "SergioMoralesG"]
[Black "Bykov_Egor"]
[Result "0-1"]
[WhiteElo "2459"]
[BlackElo "2611"]
[TimeControl "180+1"]
[EndTime "15:07:40 PDT"]
[Termination "Bykov_Egor won by checkmate"]

1. d4 Nf6 2. c4 g6 3. Nc3 Bg7 4. e4 d6 5. Nf3 O-O 6. Be2 e5 7. Be3 Ng4 8. Bg5 f6 9. Bh4 h5 10. Bg3 Nd7 11. dxe5 dxe5 12. Qd5+ Kh7 13. O-O-O Qe7 14. h3 Nh6 15. Ne1 Nc5 16. Nd3 Ne6 17. c5 Nd4 18. Qc4 a5 19. f4 Be6 20. Qa4 Bd7 21.
Qa3 Bc6 22. Rhe1 Nf7 23. Nd5 Bxd5 24. exd5 e4 25. f5 Nxf5 26. Nf4 Nxg3 27. Qxg3 Qxc5+ 28. Kb1 Ne5 29. Ne6 Qe7 30. Nxf8+ Rxf8 31. Qc3 f5 32.
Rc1 Rf7 33. Qxa5 Qd6 34. Qc5 Qf6 35. Rc2 Rd7 36. Rec1 Qg5 37. Bb5 Re7 38. d6 cxd6 39.
Qxd6 e3 40. Rc7 Rxc7 41. Rxc7 Qf4 42. Qe7 Qe4+ 43. Ka1 Kh6 44. Qxg7+ Kg5 45. Qe7+ Kf4 46. Rc1 e2 47. Re1 Nd3 48. Qa3 Nxe1 49. g3+ Kg5 50. Qc3 Nc2+ 51. Kb1 e1=Q+ 52. Qxe1 Nxe1+ 53. Kc1 Qc2# 0-1

[Event "Late-Titled-Tuesday-Blitz-April-30-2024"]
[Site "Chess.com"]
[Date "2024.04.30"]
[Round "6"]
[White "OppieZippy"]
[Black "nabukatnezarr"]
[Result "0-1"]
[WhiteElo "2399"]
[BlackElo "2583"]
[TimeControl "180+1"]
[EndTime "15:07:40 PDT"]
[Termination "nabukatnezarr won by resignation"]

1. e4 e5 2. Nf3 Nc6 3. Bc4 Nf6 4. d3 Bc5 5. O-O a6 6. a4 d6 7. c3 Ba7 8. h3 h6 9. Re1 Qe7 10. Nbd2 g5 11. d4 g4 12. dxe5 dxe5 13. hxg4 Bxg4 14. Qc2 Rg8 15. Bd5 Qc5 16. Nb3 Qxf2+ 17. Qxf2 Bxf3 18.
Be3 Rxg2+ 19. Qxg2 Bxg2 20. Kxg2 Bxe3 21. Rxe3 Ke7 22. Bxc6 bxc6 23. Rf3 Rg8+ 24. Kh3 Nxe4 25. Re3 Ng5+ 26. Kg4 f6 27. Kh5 Ne6 28. Kxh6 Kf7 29.
Kh5 Nf4+ 30. Kh4 Ng2+ 31. Kh3 Nxe3 32. Nc5 Ng2 33. Nxa6 Nf4+ 34. Kh2 Rg2+ 35. Kh1 Rxb2 36. Nb4 Nd5 37. Nxc6 Rb6 38. Na7 Nxc3 39. Rc1 Nxa4 40.
Rxc7+ Kg6 41. Rc2 Rb1+ 42. Kg2 Nb2 43. Nc6 Nd1 44. Re2 Rb3 45. Nxe5+ fxe5 46. Rxe5 Ne3+ 47. Kg1 Nf5 48. Re6+ Kg5 49. Ra6 Kf4 50. Kf2 Rb2+ 51. Ke1 Ke4 52. Re6+ Kd3 53. Re8 Ne3 54. Rd8+ Ke4 55.
Re8+ Kf4 56. Rf8+ Nf5 57. Kd1 Ke4 58. Re8+ Kd3 59. Rd8+ Nd4 60. Ke1 Rh2 61. Re8 Rh7 62. Kf2 Rf7+ 63. Kg3 Ne2+ 64. Kg4 Nf4 65. Rd8+ Ke4 66.
Re8+ Kd4 67. Re1 Nd3 68. Re8 Ne5+ 69. Kg3 Ke4 70. Ra8 Rf3+ 71. Kh4 Rb3 72. Re8 Rb7 73. Kg5 Rg7+ 74. Kf6 Rg6+ 75. Ke7 Ra6 76. Rh8 Ng6+ 0-1

[Event "Late-Titled-Tuesday-Blitz-April-30-2024"]
[Site "Chess.com"]
[Date "2024.04.30"]
[Round "6"]
[White "Bala-Afiada"]
[Black "jcmesafischer"]
[Result "0-1"]
[WhiteElo "1996"]
[BlackElo "2327"]
[TimeControl "180+1"]
[EndTime "15:07:40 PDT"]
[Termination "jcmesafischer won by resignation"]

1. d4 Nf6 2. c4 e6 3. g3 d5 4. Nf3 Be7 5. Bg2 O-O 6. O-O dxc4 7.
Ne5 Nc6 8. Bxc6 bxc6 9. Nxc6 Qd7 10. Nxe7+ Qxe7 11. Qa4 e5 12. Qxc4 Be6 13. Qc5 Qd7 14.
dxe5 Ne4 15. Qc2 Bf5 16. Qb3 Rfe8 17. Nc3 Nc5 18. Qb5 Qe7 19. Bf4 Ne6 20. Rac1 Rab8 21. Qc6 Rxb2 22. Nd5 Qf8 23. Nxc7 Nxc7 24. Qxc7 Rxe2 25. Qd6 h6 26. Qxf8+ Kxf8 27. a4 g5 28. Be3 Rxe5 29. Rc6 a5 30. Rxh6 Bg6 31. Bd4 Rd5 32.
Rh8+ Ke7 33. Bb6 Re4 34. f3 Rxa4 35. Re1+ Kf6 36. Bd8+ Kg7 37. Ree8 Rxd8 38. Rxd8 Ra1+ 39. Kg2 a4 40. Rhg8+ Kf6 41. Rd6+ Ke7 42. Ra6 a3 43. Rb8 a2 44. Rb7+ Kf8 45. Ra8+ Kg7 46. Rba7 Bb1 47. Rxa2 Rxa2+ 48. Kh3 Rxa8 49. f4 Ra7 50. fxg5 Ra4 51. g4 Bg6 52. Kh4 Be4 53. h3 Bf3 54. Kh5 Bxg4+ 55.
hxg4 Kh7 56. g6+ fxg6+ 57. Kg5 Kg7 58. Kh4 Ra5 59. g5 Kf7 60. Kg4 Ke6 61. Kf4 Ra4+ 0-1

[Event "Late-Titled-Tuesday-Blitz-April-30-2024"]
[Site "Chess.com"]
[Date "2024.04.30"]
[Round "6"]
[White "chess_sharparchitect"]
[Black "StelaSfw"]
[Result "1-0"]
[WhiteElo "2261"]
[BlackElo "1696"]
[TimeControl "180+1"]
[EndTime "15:07:44 PDT"]
[Termination "chess_sharparchitect won on time"]

1. c4 c5 2. Nf3 Nf6 3. Nc3 Nc6 4. e3 g6 5. d4 cxd4 6. exd4 d6 7. d5 Nb8 8. Bd3 Bg7 9. O-O O-O 10. h3 Nbd7 11.
Bg5 Nc5 12. Bc2 a5 13. Qd2 Bd7 14. Rfe1 Rb8 15. Rad1 Re8 16. a4 Qb6 17. Nb5 Bxb5 18. axb5 Qc7 19. Nd4 Rbd8 20. b4 axb4 21. Qxb4 Ncd7 22.
Bd3 Ra8 23. Nf3 Nc5 24. b6 Qd7 25. Bc2 Ra2 26. Nd4 Rea8 27. Bb1 R2a4 28. Qb5 Qxb5 29. Nxb5 Rxc4 30. Rxe7 Rb4 31. Nxd6 Rf8 32. Nxb7 Rxb6 33. Nxc5 Nxd5 34. Nd7 Nxe7 35. Nxb6 Nf5 36. Nd5 Rb8 37. Bxf5 gxf5 38. Nf6+ Bxf6 39. Bxf6 Kf8 40. Rd7 Ke8 41. Re7+ Kf8 42. Ra7 Kg8 43. g4 h6 44. gxf5 Rb1+ 45. Kg2 Rb8 46. Kg3 Re8 47. Kg4 Rf8 48. f3 Kh7 49.
Kh5 Kg8 50. Kxh6 Re8 51. Kg5 Rf8 52. Re7 Rc8 53. h4 Rb8 54. h5 Ra8 55. h6 Rf8 56. Kf4 Kh7 57. Bg7 1-0

[Event "Late-Titled-Tuesday-Blitz-April-30-2024"]
[Site "Chess.com"]
[Date "2024.04.30"]
[Round "6"]
[White "cristianserban1"]
[Black "Agustin_Meza"]
[Result "1-0"]
[WhiteElo "2497"]
[BlackElo "2155"]
[TimeControl "180+1"]
[EndTime "15:07:48 PDT"]
[Termination "cristianserban1 won by checkmate"]

1. d4 d5 2. Nf3 c5 3. dxc5 e6 4. c4 Bxc5 5. cxd5 exd5 6. e3 Nf6 7.
Nc3 Be6 8. a3 O-O 9. b4 Be7 10.
Bb2 Nc6 11. Bd3 Bg4 12. Ne2 Ne4 13. Nfd4 Nxd4 14. Bxd4 Bxe2 15. Qxe2 Bf6 16. Qb2 Rc8 17. O-O Qe7 18. Rac1 b6 19. Rfd1 Bxd4 20. Qxd4 Qh4 21. g3 Qf6 22. Qxf6 Nxf6 23. Ba6 Rxc1 24. Rxc1 Ne8 25.
Bb7 Nf6 26. Rc7 h6 27. Ba6 Ne4 28. Rxa7 Nc3 29. Rd7 b5 30. Rc7 Ne4 31. Bxb5 Nd6 32. Bd3 Ra8 33. Rc3 Ne4 34. Bxe4 dxe4 35. Rb3 Kf8 36.
h4 Ke8 37. b5 Kd7 38. Kg2 Kc7 39. g4 Kb6 40. Kg3 g5 41. hxg5 hxg5 42. f4 exf3 43.
Kxf3 Ra4 44. e4 f6 45. Ke3 Kc5 46. b6 Ra8 47. a4 Rb8 48. a5 Kc6 49. e5 fxe5 50.
Ke4 Rf8 51. b7 Rf4+ 52. Kxe5 Rf8 53. b8=Q Rf5+ 54. Ke6 Re5+ 55. Kxe5 Kc5 56. Qd6+ Kc4 57. Qd5# 1-0

[Event "Late-Titled-Tuesday-Blitz-April-30-2024"]
[Site "Chess.com"]
[Date "2024.04.30"]
[Round "6"]
[White "Indefatigable11"]
[Black "Caterpiller35"]
[Result "1-0"]
[WhiteElo "2381"]
[BlackElo "2476"]
[TimeControl "180+1"]
[EndTime "15:07:48 PDT"]
[Termination "Indefatigable11 won by checkmate"]

1. Nf3 Nf6 2. d4 g6 3. c4 Bg7 4.
Nc3 d6 5. e4 O-O 6. Be2 e5 7. O-O Bg4 8. d5 a5 9. h3 Bxf3 10. Bxf3 Na6 11. Be3 Qd7 12. a3 h5 13.
Be2 Kh7 14. Qc2 Bh6 15. Bxh6 Kxh6 16. Nb5 Nc5 17. f3 a4 18. Bd1 h4 19. Nc3 Nh5 20.
Qd2+ Nf4 21. Ne2 g5 22. Nxf4 gxf4 23. Qf2 Kh5 24. Rb1 Rg8 25. Kh2 Rg3 26. Bc2 Rag8 27. Rg1 b6 28. Rbd1 Qe7 29. Rd2 Qg5 30. Qe1 Kh6 31.
Qd1 Rg6 32. Rf2 f6 33. Rd2 Kg7 34. Rf2 Kf8 35. Rd2 Ke7 36. Rf2 Rg8 37. Rd2 Qg7 38.
Rf2 Kd8 39. Rd2 Qd7 40. Rf2 Ke7 41. Qd2 Rxh3+ 42. gxh3 Rg3 43. Kh1 Qxh3+ 44. Rh2 Rxg1+ 45. Kxg1 Qxf3 46. Qg2 Qe3+ 47. Kh1 Qc1+ 48. Qg1 Qxb2 49. Rxh4 Kd7 50. Rh7+ Kc8 51. Qg4+ Kb7 52. Rh8 Qc1+ 53. Bd1 Na6 54. Qc8+ Ka7 55. Qa8# 1-0

[Event "Late-Titled-Tuesday-Blitz-April-30-2024"]
[Site "Chess.com"]
[Date "2024.04.30"]
[Round "6"]
[White "cthake"]
[Black "rionelG"]
[Result "1/2-1/2"]
[WhiteElo "1867"]
[BlackElo "2271"]
[TimeControl "180+1"]
[EndTime "15:07:48 PDT"]
[Termination "Game drawn by stalemate"]

1. e4 c5 2. Nc3 d6 3. f4 a6 4. a4 Nc6 5. Nf3 g6 6. Bc4 Bg7 7. O-O e6 8. d3 Nge7 9. Qe1 O-O 10. f5 gxf5 11. Qh4 Ng6 12. Qg3 fxe4 13. dxe4 Nce5 14. Nxe5 Bxe5 15. Qf3 Qh4 16. g3 Qh3 17. Bg5 Bd7 18.
Rad1 Bc6 19. Ne2 Kg7 20. Nf4 Nxf4 21. Bxf4 f6 22. c3 Rae8 23. Rf2 b5 24. Bf1 Bxe4 25.
Bxh3 Bxf3 26. Rxf3 d5 27. Bxe5 fxe5 28. Rxf8 Kxf8 29.
axb5 axb5 30. Rf1+ Ke7 31. Ra1 e4 32. Ra7+ Kd6 33.
Rxh7 e3 34. Kf1 d4 35. cxd4 cxd4 36. Ke2 Rf8 37. Kd3 Rf2 38. Bg4 Rd2+ 39. Ke4 e2 40. Bxe2 Rxe2+ 41. Kxd4 Rxb2 42. h4 Rg2 43. Rg7 b4 44.
Kc4 e5 45. Kxb4 e4 46. Kc3 Ke5 47. Re7+ Kf5 48. Kd4 Rd2+ 49. Ke3 Rd3+ 50. Kf2 Rd2+ 51. Ke3 Rd3+ 52. Kf2 Rf3+ 53. Kg2 Ra3 54. h5 Ra4 55. h6 Kg6 56. h7 Ra8 57. Kf2 Rh8 58. Ke3 Rxh7 59.
Rxh7 Kxh7 60. Kxe4 Kg6 61. Kf4 Kf6 62. g4 Kg6 63. g5 Kg7 64. Kf5 Kf7 65. g6+ Kg7 66. Kg5 Kg8 67. Kf6 Kf8 68. Ke6 Kg7 69. Kf5 Kg8 70. Kg4 Kg7 71. Kg5 Kg8 72. Kh6 Kh8 73. g7+ Kg8 74. Kg6 1/2-1/2

[Event "Late-Titled-Tuesday-Blitz-April-30-2024"]
[Site "Chess.com"]
[Date "2024.04.30"]
[Round "6"]
[White "KogotBobra17"]
[Black "GM_dmitrij"]
[Result "0-1"]
[WhiteElo "2773"]
[BlackElo "2979"]
[TimeControl "180+1"]
[EndTime "15:07:50 PDT"]
[Termination "GM_dmitrij won by checkmate"]

1. e4 c6 2. d4 d5 3. e5 Bf5 4. Nf3 e6 5. Be2 a5 6. O-O a4 7. Be3 Nd7 8. Nbd2 h6 9. Ne1 Ne7 10. Nd3 Bh7 11. b3 Nf5 12. c4 Be7 13. c5 O-O 14.
bxa4 Qa5 15. Rb1 Rfb8 16. Rb2 Qxa4 17. Nb4 Qxd1 18. Bxd1 Ra3 19. Bb3 f6 20. exf6 Bxf6 21. Nf3 Nxc5 22. Bc2 Nd7 23. Bxf5 Bxf5 24. Rc1 c5 25. Nc2 Raa8 26. Nfe1 b5 27. a3 Ra4 28. Rd1 Bxc2 29. Nxc2 Rc4 30. Kf1 Kf7 31. Ke2 e5 32. dxc5 d4 33. Bd2 Nxc5 34. Nb4 e4 35. Rbb1 d3+ 36. Kf1 Na4 37. Rbc1 Nb2 38. Re1 Rbc8 39.
Rxc4 Nxc4 40. Be3 Bc3 41. Rd1 Nxa3 42. Bd2 Bxb4 43. Bxb4 Nc2 44. Bd2 b4 45. Rb1 Rc4 46. Rb3 Ke6 47. g3 Kd5 48. f3 Kd4 49. fxe4 Kxe4 50. Kf2 Rc6 51. Bxb4 Rf6+ 52. Kg2 Rb6 53. Rxd3 Kxd3 54. Bc5 Rf6 55. Bf2 Rf7 56. Bg1 Ke2 57.
Bf2 Ne1+ 58. Bxe1 Kxe1 59. Kh3 Kf2 60. g4 Kf3 61. g5 Rf4 62. g6 Rf5 63. Kh4 Rg5 64.
h3 Rg3 65. Kh5 Rxh3# 0-1

[Event "Late-Titled-Tuesday-Blitz-April-30-2024"]
[Site "Chess.com"]
[Date "2024.04.30"]
[Round "6"]
[White "Carlitus2004"]
[Black "KebabJangles"]
[Result "1-0"]
[WhiteElo "2489"]
[BlackElo "2316"]
[TimeControl "180+1"]
[EndTime "15:07:52 PDT"]
[Termination "Carlitus2004 won on time"]

1. Nf3 Nf6 2. e3 g6 3. b3 Bg7 4. Bb2 O-O 5. d4 d6 6. Be2 Nbd7 7. O-O e5 8. dxe5 Ng4 9. c4 Ngxe5 10. Nc3 Nxf3+ 11. Bxf3 Ne5 12. Be2 Be6 13. Qd2 Qe7 14. Rad1 Rad8 15. Rc1 c6 16. Rfd1 f5 17. f4 Nf7 18.
Bf3 Rfe8 19. Re1 g5 20. g3 g4 21. Bg2 Nh6 22. Ne2 d5 23. c5 Bc8 24. Bxg7 Kxg7 25. Nd4 Ng8 26. Qd3 Kg6 27. h3 h5 28. hxg4 hxg4 29. Kf2 Nf6 30. Rh1 Rh8 31. b4 a6 32.
a4 Bd7 33. Rb1 Ra8 34. Nb3 Rh7 35. Rxh7 Qxh7 36. Rh1 Qg7 37. Qd4 Re8 38. Qd3 Rh8 39. Rxh8 Qxh8 40. Nd4 Qh2 41. Ne2 Ne4+ 42. Kf1 Nxg3+ 43.
Nxg3 Qxg3 44. Qd4 Qh4 45. Qe5 Qf6 46. Qc7 Qe6 47. Kf2 Bc8 48. Qd8 Qd7 49. Qg5+ Kf7 50. Bf1 Qe7 51. Qh5+ Kg7 52. Bd3 Qe6 53. Qg5+ Kf7 54.
Qh5+ Ke7 55. Qh7+ Kd8 56. Qg7 Qe7 57. Qd4 Kc7 58. b5 axb5 59. axb5 Kb8 60. b6 Qh7 61.
Kg2 Qh3+ 62. Kf2 g3+ 63. Ke1 Qh1+ 64. Kd2 g2 65. Qa4 Qd1+ 66. Qxd1 1-0

[Event "Late-Titled-Tuesday-Blitz-April-30-2024"]
[Site "Chess.com"]
[Date "2024.04.30"]
[Round "6"]
[White "Firouzja2003"]
[Black "Polish_fighter3000"]
[Result "0-1"]
[WhiteElo "3148"]
[BlackElo "3095"]
[TimeControl "180+1"]
[EndTime "15:07:53 PDT"]
[Termination "Polish_fighter3000 won on time"]

1. e4 e5 2. d4 exd4 3. Qxd4 Nc6 4. Qc4 Nf6 5. Nc3 Bb4 6. Bd2 O-O 7. O-O-O Re8 8. f3 a5 9. Nge2 Ne5 10. Qb3 d6 11.
Nf4 c6 12. Be3 Qc7 13. a3 Bc5 14. Bxc5 dxc5 15. Na4 Ned7 16. Qe3 b5 17. Nc3 b4 18.
Na4 bxa3 19. bxa3 Rb8 20. Bc4 Ne5 21. Ba2 c4 22. Ne2 h6 23. Nec3 Be6 24. Rd2 Ng6 25. g3 Ne5 26. f4 Ned7 27. Qd4 Nb6 28. Nxb6 Rxb6 29. Qd6 Qb7 30. f5 c5 31. Qxc5 Rc8 32.
Qd4 Bxf5 33. Rf1 Bxe4 34. Rxf6 Rxf6 35. Nxe4 Rf1+ 36. Rd1 Rxd1+ 37. Kxd1 Qe7 38. Nc3 Rd8 39. Nd5 Qd7 40. Bxc4 Kh8 41. Kc1 Qd6 42. Kb2 Rb8+ 43. Bb3 Qc6 44. Qc3 Qxd5 45. Qc7 Qb5 46. a4 Qb6 47.
Qxf7 Qd4+ 48. Ka2 Rd8 49. Qe7 Qd6 50. Qa7 Qb4 51. Qc7 Qd2 52. Qb6 Rf8 53. Qc5 Re8 54.
h4 Qe3 55. Qb5 Qe5 56. Qc6 Rf8 57. g4 Kh7 58. g5 hxg5 59. hxg5 Rf1 0-1

[Event "Late-Titled-Tuesday-Blitz-April-30-2024"]
[Site "Chess.com"]
[Date "2024.04.30"]
[Round "6"]
[White "Chessmatus"]
[Black "Supelyel"]
[Result "1-0"]
[WhiteElo "2573"]
[BlackElo "2388"]
[TimeControl "180+1"]
[EndTime "15:07:53 PDT"]
[Termination "Chessmatus won by checkmate"]

1. e4 d6 2. d4 Nf6 3. Nc3 e5 4. Nf3 Nbd7 5. Bc4 Be7 6. O-O O-O 7. Re1 c6 8. a4 Qc7 9. a5 Rb8 10. Bf1 b5 11. axb6 axb6 12. d5 b5 13. dxc6 Qxc6 14.
Bg5 Re8 15. Nd5 Nxd5 16. exd5 Qc7 17. Bxe7 Rxe7 18. Nd4 Bb7 19. Nxb5 Qb6 20. c4 Ree8 21. b4 Ba6 22. Rxa6 Qxa6 23. Nc7 Qb6 24. Nxe8 Rxe8 25. Qa4 Rd8 26. Rc1 h6 27. Bd3 Nf6 28. h3 Qd4 29. Qd1 Kf8 30. Be2 Qb2 31. Rb1 Qc3 32.
Qd3 Qxd3 33. Bxd3 Rb8 34. Kf1 Ke7 35. Ke1 Nd7 36. Kd2 g6 37. g4 Rb7 38. Kc3 Nb6 39.
Ra1 Rc7 40. Kb3 Nd7 41. Ra6 Rb7 42. Kc3 Rc7 43. Rc6 Rb7 44. c5 dxc5 45. bxc5 Ra7 46. d6+ Kd8 47. Bc4 Ra3+ 48. Bb3 Ra1 49. Bxf7 Rc1+ 50.
Kb4 Rb1+ 51. Bb3 Rc1 52. Bc4 Rb1+ 53. Ka5 e4 54. Rb6 Ra1+ 55. Kb5 Rb1+ 56. Kc6 Ne5+ 57. Kd5 Nxc4 58. Kxc4 Rc1+ 59. Kd5 e3 60. Kc6 e2 61. Rb8# 1-0

[Event "Late-Titled-Tuesday-Blitz-April-30-2024"]
[Site "Chess.com"]
[Date "2024.04.30"]
[Round "6"]
[White "katharinareinecke"]
[Black "EDaMatta"]
[Result "0-1"]
[WhiteElo "2035"]
[BlackElo "2346"]
[TimeControl "180+1"]
[EndTime "15:07:57 PDT"]
[Termination "EDaMatta won by checkmate"]

1. e4 c5 2. Nf3 d6 3. Bb5+ Bd7 4.
Bxd7+ Nxd7 5. O-O Ngf6 6. Re1 e6 7. c3 Be7 8. d4 O-O 9. Nbd2 cxd4 10. cxd4 Rc8 11.
b3 Qc7 12. Ba3 Rfe8 13. Rc1 Qb8 14. Qe2 Bf8 15. Nc4 d5 16. Bxf8 Nxf8 17. exd5 Nxd5 18. Qe5 Red8 19. Qxb8 Rxb8 20. Nce5 Ng6 21. Nxg6 hxg6 22.
Rc2 Nb4 23. Rc7 Nd5 24. Rc4 b5 25. Rc5 a5 26. Rec1 Nb4 27. Rc7 Nxa2 28. Ra1 Rdc8 29. Ra7 Rc1+ 30. Rxc1 Nxc1 31. Rxa5 Nxb3 32. Ra7 f6 33. g3 Rd8 34. Rb7 Nxd4 35. Nxd4 Rxd4 36. Rxb5 g5 37. Kg2 g4 38. h3 gxh3+ 39. Kxh3 Kf7 40. Kg2 g5 41. Kf3 g4+ 42. Ke3 e5 43.
Ra5 Ke6 44. Ra8 Rb4 45. Rg8 Kf5 46. Rf8 Rb3+ 47. Ke2 Rc3 48. Rf7 Rc8 49. Re7 Ke4 50. Rf7 f5 51. Re7 Rc2+ 52. Kf1 Kf3 53. Rxe5 Rxf2+ 54. Ke1 Kxg3 55. Re3+ Rf3 56. Re5 f4 57.
Rg5 Kh4 58. Rg7 g3 59. Ke2 Rf2+ 60. Ke1 Kh3 61. Rh7+ Kg2 62. Rg7 Ra2 63. Rf7 f3 64. Rd7 f2+ 65. Kd1 f1=R# 0-1